 Dungeon Crawl Stone Soup version 0.28-a0-1389-gc726bef33b (webtiles) character file.

Game seed: 14448030816512960242

121 avis the Chopper (level 5, -1/46 HPs)
             Began as a Hill Orc Monk on Jan 4, 2022.
             Slain by a water moccasin (8 damage)
             ... on level 3 of the Dungeon.
             The game lasted 00:07:46 (3038 turns).

avis the Chopper (Hill Orc Monk)                    Turns: 3038, Time: 00:07:47

Health: -1/46      AC:  5    Str: 16    XL:     5   Next: 5%
Magic:  5/5        EV: 11    Int: 10    God:
Gold:   89         SH:  0    Dex: 13    Spells: 4/4 levels left

rFire   . . .      SeeInvis .   a - +0 hand axe
rCold   + . .      Faith    .   (no shield)
rNeg    . . .      Spirit   .   f - +0 ring mail
rPois   .          Reflect  .   (no helmet)
rElec   .          Harm     .   (no cloak)
rCorr   .          Rampage  .   (no gloves)
Will    .....                   (no boots)
Stlth   +.........              (no amulet)
HPRegen 0.15/turn               d - ring of protection from cold
MPRegen 0.09/turn               (no ring)

@: no status effects
A: no striking features
a: no special abilities


You were on level 3 of the Dungeon.
You visited 1 branch of the dungeon, and saw 3 of its levels.

You collected 89 gold pieces.

Inventory:

Hand Weapons
 a - a +0 hand axe (weapon)
 j - a +3 dagger of venom
 p - a +0 hunting sling
Missiles
 m - 8 stones (quivered)
Armour
 b - a +0 robe
 f - a +0 ring mail (worn)
Jewellery
 d - a ring of protection from cold (left hand)
 i - a +6 ring of strength
Scrolls
 c - 2 scrolls of noise {unknown}
 e - 2 scrolls of teleportation {unknown}
 k - a scroll of fear {unknown}
 n - a scroll of identify {unknown}
Potions
 g - a potion of heal wounds {unknown}
 h - a potion of ambrosia {unknown}
 o - a potion of curing


   Skills:
 + Level 4.1 Fighting
 * Level 7.0 Axes
 - Level 2.4 Dodging
 - Level 1.5 Stealth


You had 4 spell levels left.
You didn't know any spells.
Your spell library was empty.

Dungeon Overview and Level Annotations

Branches:
Dungeon (3/15)

Altars:


Message History

The water moccasin bites you.
You barely miss the water moccasin.
The water moccasin is lightly wounded.
You feel very sick. The water moccasin bites you.
You are more poisoned.
The water moccasin poisons you!
The water moccasin bites you but does no damage.
Throw: throwing net
Press: ? - help, Q - select action, (/) - cycle Shift-Dir - straight line, f - water moccasin
Aim: a water moccasin (lightly wounded, 40% to hit)
You throw a throwing net.
The throwing net closely misses the water moccasin.
You feel very sick. The water moccasin bites you.
Throw: 8 stones
Press: ? - help, Q - select action Shift-Dir - straight line, f/p - water moccasin
Aim: a water moccasin (lightly wounded, 40% to hit)
Okay, then.
You closely miss the water moccasin.
The water moccasin is lightly wounded.
You feel very sick. The water moccasin bites you.
* * * LOW HITPOINT WARNING * * *
You slash the water moccasin!
The water moccasin is moderately wounded.
* * * LOW HITPOINT WARNING * * *
You feel very sick. The water moccasin barely misses you.
The water moccasin bites you.
* * * LOW HITPOINT WARNING * * *
It was a potion of curing.
You feel better. The water moccasin barely misses you.
You hit the water moccasin but do no damage.
The water moccasin is moderately wounded.
The water moccasin bites you but does no damage.
The water moccasin completely misses you.
You hit the water moccasin.
The water moccasin is moderately wounded.
The water moccasin bites you!
You die...

#.....)....#
#..........#
#..........#
#..........#
#..........#
#..........#
#..........#
+..........#
#..@.......#
#...S.......
#............
#.......(#...
#.......## ..
#.......# .
#.......#
#.......#


You could see a water moccasin.

Vanquished Creatures
  5 gnolls
  2 adders
  6 bats
  10 endoplasms
  A giant cockroach (D:1)
  3 hobgoblins
  3 jackals (D:1)
  7 kobolds
  A quokka (D:2)
  6 ball pythons
  5 frilled lizards (D:1)
  3 goblins
  4 rats
56 creatures vanquished.

Notes
Turn   | Place    | Note
-------+----------+-------------------------------------------
     0 | D:1      | avis the Hill Orc Monk began the quest for the Orb.
     0 | D:1      | Reached XP level 1. HP: 19/19 MP: 1/1
   430 | D:1      | Reached XP level 2. HP: 17/26 MP: 2/2
   543 | D:1      | Reached skill level 5 in Axes
   931 | D:1      | Found a faded altar of an unknown god.
   942 | D:1      | Reached XP level 3. HP: 24/31 MP: 3/3
  1532 | D:1      | Reached skill level 6 in Axes
  1846 | D:2      | Reached XP level 4. HP: 38/40 MP: 4/4
  3009 | D:3      | Reached skill level 7 in Axes
  3009 | D:3      | Reached XP level 5. HP: 44/46 MP: 5/5
  3023 | D:3      | Noticed a water moccasin
  3035 | D:3      | HP: 1/46 [water moccasin (6)]
  3038 | D:3      | Slain by a water moccasin

Illustrated notes

Levels and vault maps discovered:
D:1:      dpeg_arrival_boxorama, layout_basic, chequers_ecumenical_altar_simple
D:2:      layout_loops_ring
D:3:      layout_basic

Skill      XL: |  1  2  3  4 |
---------------+-------------+-----
Axes           | 5 6 7 |  7.0
Fighting       | 4 |  4.1
Dodging        | |  2.4
Stealth        | |  1.5

Action                   |  1- 3 |  4- 6 || total
-------------------------+-------+-------++-------
Melee: Hand axe          |    90 |    93 ||   183
Throw: Throwing net      |       |     1 ||     1
  Use: Potion            |       |     1 ||     1
 Stab: Sleeping          |     2 |       ||     2
Armor: Robe              |     7 |       ||     7
       Ring mail         |    11 |    25 ||    36
Dodge: Dodged            |    40 |    45 ||    85

Table legend: (Time is in decaauts)
 A = Elapsed time spent in this place.
 B = Non-inter-level travel time spent in this place.
 C = Inter-level travel time spent in this place.
 D = Time resting spent in this place.
 E = Time spent auto-exploring this place.
 F = Levels seen in this place.
 G = Mean time per level.
                   A        B        C        D        E       F      G
               +--------+--------+--------+--------+--------+-----+--------+
         Total |   3046 |   2826 |    220 |   1126 |   1115 |   3 | 1015.3 |
       Dungeon |   3046 |   2826 |    220 |   1126 |   1115 |   3 | 1015.3 |
               +--------+--------+--------+--------+--------+-----+--------+

Top non-repeatable levels by time:
     D:1: 2209 daAuts
     D:2: 737 daAuts
     D:3: 99 daAuts
